 Dungeon Crawl Stone Soup version 0.29-a0-369-gd956c00756 (webtiles) character file.

Game seed: 9007982142382590799

39 spaghetti the Sneak (level 3, 0/24 HPs)
             Began as an Octopode Brigand on May 1, 2022.
             Slain by a worm (10 damage)
             ... on level 1 of the Dungeon.
             The game lasted 00:02:28 (895 turns).

spaghetti the Sneak (Octopode Brigand)               Turns: 895, Time: 00:02:29

Health: 0/24       AC:  1    Str: 10    XL:     3   Next: 47%
Magic:  5/5        EV: 12    Int: 15    God:
Gold:   33         SH:  0    Dex: 13    Spells: 2/5 levels left

rFire   . . .      SeeInvis .   a - +2 dagger {short}
rCold   . . .      Faith    .   (no shield)
rNeg    . . .      Spirit   .   (helmet restricted)
rPois   .          Reflect  .   (no amulet)
rElec   .          Harm     .   (no ring)
rCorr   .          Rampage  .   (no ring)
Will    .....                   (no ring)
Stlth   ++++......              (no ring)
HPRegen 0.08/turn               (no ring)
MPRegen 0.09/turn               (no ring)
                                (no ring)
                                (no ring)

@: no status effects
A: almost no armour, amphibious, 8 rings, camouflage 1, gelatinous body 1,
(nimble swimmer 1), tentacles
a: no special abilities


You were on level 1 of the Dungeon.
You visited 1 branch of the dungeon, and saw 2 of its levels.

You collected 33 gold pieces.


Innate Abilities, Weirdness & Mutations

You cannot wear most types of armour.
You are amphibious.
You can wear up to eight rings at the same time.
Your skin changes colour to match your surroundings (Stealth+).
Your rubbery body absorbs attacks. (AC +1, EV +1)
((You are camouflaged when in or above water. (Stealth+)))
You have tentacles for arms and can constrict up to eight enemies at once.


   Skills:
 - Level 2.0 Fighting
 - Level 2.0 Short Blades
 - Level 2.0 Throwing
 - Level 1.0 Dodging
 - Level 5.3 Stealth
 * Level 1.8 Spellcasting
 + Level 1.2 Conjurations
 + Level 1.2 Earth Magic


You had 2 spell levels left.
You knew the following spells:

 Your Spells              Type           Power      Damage    Failure   Level
a - Stone Arrow           Conj/Erth      10%        3d7       38%         3

Your spell library contained the following spells:

 Spells                   Type           Power      Damage    Failure   Level
 Lehudib's Crystal Spear  Conj/Erth      2%         10d2      100%        8
 Animate Armour           Summ/Erth      Unusable   N/A       N/A         4

Inventory:

Hand Weapons
 a - a +2 dagger (weapon) {short}
 b - a +0 hunting sling {sling}
   (You found it on level 1 of the Dungeon)
Missiles
 c - 3 curare-tipped darts {=fthrowing}
 h - 9 poisoned darts {throwing}
 i - 75 stones {throwing}
Scrolls
 d - a scroll of identify {unknown}
 g - a scroll of fear {unknown}
 j - a scroll of vulnerability {unknown}
Potions
 e - a potion of mutation {unknown}
 f - a potion of brilliance {unknown}
 k - a potion of attraction {unknown}

Dungeon Overview and Level Annotations

Branches:
Dungeon (2/15)

Altars:

..[.........##.#######..## ######
......#####.##.# #.## ###...#
.###..# #.##.# #.# ##......
......#####....# #.###...#..<
...).........#.# #.##...###..
.###..#####....# ###...## ###
.###..#####.#.#########...## #..
....................##...######.#
.###......###...@####..#........#
#[......#####...w...#.##.#..###.#
#.##..............###.#..###.#..#
#.##.########.....# #............
#.#....# ##...## #####..######
#.##.#.##### ##.## ##..##
#.##.#.....# #.# ##..##
#.##.#####.# #.# ##..##
#.##.#####.# #.# #########..##


You could see a worm.


Message History

A quokka is nearby!
You shoot a sling bullet.
The sling bullet hits the quokka but does no damage.
You shoot a sling bullet.
The sling bullet hits the quokka but does no damage.
You shoot a sling bullet. The sling bullet hits the quokka!
You kill the quokka!
No target in view!
No target in view!
No target in view!
No target in view!
No target in view!
No target in view!
No target in view!
No target in view!
No target in view!
No target in view!
No target in view!
No target in view!
j - a scroll labelled INYOCO LEETT
k - a glowing blue potion An endoplasm comes into view.
An endoplasm is nearby!
You shoot a sling bullet. The sling bullet hits the endoplasm.
You kill the endoplasm!
No target in view!
No target in view!
No target in view!
No target in view!
No target in view!
No target in view!
No target in view!
No target in view!
You now have 33 gold pieces (gained 15).
Key pressed, stopping explore.
You see here a +0 cloak.
Done exploring.
No target in view!
(D) Dungeon
Where to? (Enter - D:1 @ (x,y), ? - help)
There is a stone staircase leading down here.
You climb downwards.
The goblin shouts!
There is a stone staircase leading up here.
There are monsters nearby!
Unknown command.
Unknown command.
You shoot a sling bullet.
The sling bullet closely misses the goblin.
The sling bullet hits the worm!
You shoot a sling bullet. The sling bullet hits the goblin.
You kill the goblin!
You shoot a sling bullet.
The sling bullet hits the worm but does no damage.
The adder hisses angrily.
You shoot a sling bullet.
The sling bullet hits the worm but does no damage.
You shoot a sling bullet. The sling bullet hits the adder.
The adder closely misses you.
You shoot a sling bullet. The sling bullet hits the adder.
The adder misses you. The adder barely misses you.
You shoot a sling bullet.
The sling bullet closely misses the adder.
The adder bites you. The worm bites you.
You are too injured to fight recklessly!
You are too injured to fight recklessly! 😕 HP[-4]
You take 4 damage, and now have 20/24 hp.
You are too injured to fight recklessly!
You are too injured to fight recklessly!
You are too injured to fight recklessly!
You are too injured to fight recklessly!
You are too injured to fight recklessly!
You are too injured to fight recklessly!
You are too injured to fight recklessly!
You are too injured to fight recklessly!
You are too injured to fight recklessly!
You are too injured to fight recklessly!
You are too injured to fight recklessly!
You are too injured to fight recklessly!
You are too injured to fight recklessly!
You are too injured to fight recklessly!
Unknown command.
The adder barely misses you. The adder completely misses you.
You climb upwards.
There is a stone staircase leading down here.
a - a +2 dagger (weapon)
{short} The worm misses you.
You hit the adder. Your grab misses the adder. You squeeze the adder!
You kill the adder!
You hit the worm. You grab the worm. You squeeze the worm.
You constrict the worm. The worm bites you!
* * * LOW HITPOINT WARNING * * *
😨 HP[-10]
You take 10 damage, and now have 10/24 hp.
MASSIVE DAMAGE!! (PAUSE)
You hit the worm.
You constrict the worm, but do no damage.
You hit the worm. You constrict the worm. The worm bites you!
You die...

Skill      XL: |  1  2 |
---------------+-------+-----
Spellcasting   | 1 |  1.8
Conjurations   | 1 |  1.2
Earth Magic    | 1 |  1.2
Fighting       | |  2.0
Short Blades   | |  2.0
Throwing       | |  2.0
Dodging        | |  1.0
Stealth        | |  5.3

Action                   || total
-------------------------++-------
Melee: Dagger            ||    14
       Constrict         ||     3
       Tentacles         ||     2
 Fire: Hunting sling     ||    49
 Stab: Sleeping          ||     6
Armor: Skin              ||     1
Dodge: Dodged            ||    17

Levels and vault maps discovered:
D:1:      dpeg_chamrin_arrival_tetris, layout_loops_ring, minivault_25
D:2:      layout_rooms, basic_altar

Notes
Turn   | Place    | Note
-------+----------+-------------------------------------------
     0 | D:1      | spaghetti the Octopode Brigand began the quest for the Orb.
     0 | D:1      | Reached XP level 1. HP: 14/14 MP: 1/1
     0 | D:1      | magus.rc [v1.9.6]
    18 | D:1      | You pick up a book of Armaments and begin reading...
    18 | D:1      | You add the spells Stone Arrow and Lehudib's Crystal Spear
                  | to your library.
   233 | D:1      | Reached XP level 2. HP: 19/19 MP: 3/3
   313 | D:1      | Reached skill level 1 in Spellcasting
   575 | D:1      | Reached skill level 1 in Conjurations
   575 | D:1      | Reached skill level 1 in Earth Magic
   619 | D:1      | Reached XP level 3. HP: 24/24 MP: 5/5
   623 | D:1      | Learned a level 3 spell: Stone Arrow
   895 | D:1      | Slain by a worm

Vanquished Creatures
  An adder (D:1)
  A dart slug (D:1)
  2 bats (D:1)
  3 endoplasms (D:1)
  A giant cockroach (D:1)
  3 goblins
  3 hobgoblins (D:1)
  3 kobolds (D:1)
  A quokka (D:1)
  3 ball pythons (D:1)
  2 frilled lizards (D:1)
  3 rats (D:1)
26 creatures vanquished.

Table legend:
 A = Non-vault XP
 B = Vault XP
 C = Vault XP percentage of total XP
 D = Non-vault monster count
 E = Vault monster count
 F = Vault count percentage of total count
                 A         B        C        D         E       F
            +---------+---------+-------+---------+---------+-------
      Total |      57 |       0 |   0.0 |      26 |       0 |   0.0
            +---------+---------+-------+---------+---------+-------
        D:1 |      55 |       0 |   0.0 |      25 |       0 |   0.0
        D:2 |       2 |       0 |   0.0 |       1 |       0 |   0.0
            +---------+---------+-------+---------+---------+-------

Illustrated notes

Table legend:
 A = Kills in this place as a percentage of kills in entire the game.
 B = Kills by you in this place as a percentage of kills by you in the entire game.
 C = Kills by friends in this place as a percentage of kills by friends in the entire game.
 D = Other kills in this place as a percentage of other kills in the entire game.
 E = Experience gained in this place as a percentage of experience gained in the entire game.
 F = Experience gained in this place divided by the number of levels of this place that you have seen.
                   A       B       C       D       E      F
               +-------+-------+-------+-------+-------+----------------------
         Total | 100.0 | 100.0 |   N/A |   N/A | 100.0 |  28.5
       Dungeon | 100.0 | 100.0 |   N/A |   N/A | 100.0 |  28.5
               +-------+-------+-------+-------+-------+----------------------

Table legend: (Time is in decaauts)
 A = Elapsed time spent in this place.
 B = Non-inter-level travel time spent in this place.
 C = Inter-level travel time spent in this place.
 D = Time resting spent in this place.
 E = Time spent auto-exploring this place.
 F = Levels seen in this place.
 G = Mean time per level.
                   A        B        C        D        E       F      G
               +--------+--------+--------+--------+--------+-----+--------+
         Total |    914 |    881 |     33 |      2 |    721 |   2 |  457.0 |
       Dungeon |    914 |    881 |     33 |      2 |    721 |   2 |  457.0 |
               +--------+--------+--------+--------+--------+-----+--------+

Top non-repeatable levels by time:
     D:1: 902 daAuts
     D:2: 11 daAuts
